 Dungeon Crawl Stone Soup version 0.31-a0-1178-gc5c9b8f871 (webtiles) character file.

Game seed: 10323043890554362654

66 backslashecho the Gusty (level 4, -2/27 HPs)
             Began as an Octopode Air Elementalist on Dec 11, 2023.
             Killed from afar by an orc wizard (6 damage)
             ... with a magic dart
             ... on level 3 of the Dungeon.
             The game lasted 00:03:57 (1835 turns).

backslashecho the Gusty (Octopode Air Elementalist) Turns: 1835, Time: 00:03:57

Health: -2/27      AC:  1    Str:  7    XL:     4   Next: 15%
Magic:  7/7        EV: 13    Int: 19    God:
Gold:   63         SH:  0    Dex: 12    Spells: 2/8 levels left

rFire   . . .        d - +0 short sword
rCold   . . .        (no shield)
rNeg    . . .        (helmet restricted)
rPois   .            (no amulet)
rElec   .            (no ring)
rCorr   .            (no ring)
SInv    .            (no ring)
Will    .....        (no ring)
Stlth   +++          (no ring)
HPRegen 0.24/turn    (no ring)
MPRegen 0.10/turn    (no ring)
                     (no ring)

%: no passive effects
@: no status effects
A: almost no armour, amphibious, 8 rings, camouflage 1, gelatinous body 1,
(nimble swimmer 1), tentacles
a: no special abilities


You were on level 3 of the Dungeon.
You visited 1 branch of the dungeon, and saw 4 of its levels.

You collected 63 gold pieces.

Inventory:

Hand Weapons
 d - a +0 short sword (weapon)
Scrolls
 c - a scroll of poison
 e - a scroll of immolation {unknown}
 h - a scroll of silence {unknown}
 i - a scroll of enchant weapon {unknown}
 j - a scroll of amnesia {unknown}
 k - a scroll of teleportation {unknown}
Potions
 a - a potion of magic
 f - a potion of curing
 g - a potion of heal wounds


   Skills:
 + Level 0.0 Short Blades
 - Level 2.0 Dodging
 - Level 3.0 Stealth
 + Level 2.5 Spellcasting
 * Level 2.6 Conjurations
 + Level 3.5 Air Magic


You had 2 spell levels left.
You knew the following spells:

 Your Spells              Type           Power      Damage    Failure   Level
a - Shock                 Conj/Air       56%        1d6       4%          1
b - Swiftness             Air            15%        N/A       11%         3
c - Static Discharge      Conj/Air       28%        3-5/arc   7%          2

Your spell library contained the following spells:

 Spells                   Type           Power      Damage    Failure   Level
 Airstrike                Air            7%         2d(2-18)  36%         4


Dungeon Overview and Level Annotations

Branches:
Dungeon (4/15)
 Temple: D:4-7

Altars:

Shops:
D:1 =

Annotations:
D:2 exclusion: gnoll


Innate Abilities, Weirdness & Mutations

You cannot wear most types of armour.
You are amphibious.
You can wear up to eight rings at the same time.
Your skin changes colour to match your surroundings (Stealth+).
Your rubbery body absorbs attacks. (AC +1, EV +1)
((You are camouflaged when in or above water. (Stealth+)))
You have tentacles for arms and can constrict up to eight enemies at once.


Message History

There is a stone staircase leading down here.
There are monsters nearby!
Casting: Shock (safe; 4% risk of failure)
Confirm with . or Enter, or press ? or * to list all spells.
Aiming: Shock (safe; 4% risk of failure)
Press: ? - help, Shift-Dir - straight line, f - orc
Aim: an orc, wielding a +0 dagger (asleep, 100% to hit)
The zap hits the orc.
The orc is heavily wounded.
The orc shouts!
You hear a shout!
You now have 6/7 mp.
Casting: Shock (safe; 4% risk of failure)
Confirm with . or Enter, or press ? or * to list all spells.
Aiming: Shock (safe; 4% risk of failure)
Press: ? - help, Shift-Dir - straight line, f/p - orc
Aim: an orc, wielding a +0 dagger (heavily wounded, 71% to hit)
The zap hits the orc.
The orc is almost dead.
The zap hits the orc wizard.
The orc wizard is lightly wounded.
You now have 5/7 mp.
Casting: Shock (safe; 4% risk of failure)
Confirm with . or Enter, or press ? or * to list all spells.
Aiming: Shock (safe; 4% risk of failure)
Press: ? - help, Shift-Dir - straight line, f/p - orc
Aim: an orc, wielding a +0 dagger (almost dead, 71% to hit)
The zap hits the orc.
You kill the orc!
The zap hits the orc wizard.
The orc wizard is moderately wounded.
An adder comes into view.
You now have 4/7 mp.
The orc wizard points at you and mumbles some strange words.
The magic dart hits you!
There is a stone staircase leading down, spattered with blood here.
You take 10 damage, and have 17/27 hp.
MASSIVE DAMAGE!!
You climb downwards.
There is a stone staircase leading up here.
You start resting.
Magic restored.
You regained 5 hp, and now have 23/27 hp.
MP restored: 7 You start resting.
HP restored.
Health restored: 27 You climb upwards.
The orc hits you with a +0 morningstar! x2
* * * LOW HITPOINT WARNING * * *
The orc wizard casts a spell at you. The magic dart hits you.
You die...

.###..#
...<.#
.###.#
.. ..#
......
..#....
..#.#.##
####
....#.#
#..#
.##. .#
#.@#
#oo#
#).#
#..#
#..#
#..#
.$..
...#


You could see an orc wizard and an orc.

Vanquished Creatures
  3 adders (D:2)
  A worm (D:2)
  2 dart slugs
  An orc (D:3)
  2 ball pythons (D:1)
  3 bats
  3 endoplasms
  3 giant cockroaches
  5 hobgoblins
  A quokka (D:2)
  2 frilled lizards (D:2)
  A kobold (D:1)
  4 rats
31 creatures vanquished.

Notes
Turn   | Place    | Note
-------+----------+-------------------------------------------
     0 | D:1      | backslashecho the Octopode Air Elementalist began the quest
                  | for the Orb.
     0 | D:1      | Reached XP level 1. HP: 11/11 MP: 3/3
   250 | D:1      | Reached XP level 2. HP: 16/17 MP: 1/5
   367 | D:1      | Learned a level 2 spell: Static Discharge
   403 | D:1      | Found Fyill's Jewellery Shoppe.
  1028 | D:2      | Reached XP level 3. HP: 5/21 MP: 0/6
  1388 | D:2      | Learned a level 3 spell: Swiftness
  1431 | D:2      | Reached XP level 4. HP: 27/27 MP: 3/7
  1772 | D:2      | You fall into a shaft and drop 2 floors!
  1835 | D:3      | Killed from afar by an orc wizard

Illustrated notes

Levels and vault maps discovered:
D:1:      matt_arrival_refuge, layout_rooms, serial_shops, shop
D:2:      minmay_chambers_of_ones, layout_basic
D:3:      layout_loops_ring, nrook_loot_triangle, hangedman_glass_teeth,
          minmay_misc_feat_diagonals, palyth_stone_intersect
D:4:      layout_layer_cave, kennysheep_mini, mainiacjoe_overflow_alcove_4

Skill      XL: |  1  2 |
---------------+-------+-----
Stealth        | 3 |  3.0
Conjurations   | 2 |  2.6
Dodging        | |  2.0
Spellcasting   | |  2.5
Air Magic      | |  3.5

Action                     |  1- 3 |  4- 6 || total
---------------------------+-------+-------++-------
  Melee: Unarmed           |     6 |       ||     6
         Constrict         |     5 |       ||     5
         Short sword       |    13 |       ||    13
         Tentacles         |     2 |       ||     2
   Cast: Shock             |    60 |    10 ||    70
    Use: Scroll            |       |     3 ||     3
   Stab: Sleeping          |     1 |       ||     1
 Armour: Skin              |    13 |     4 ||    17
  Dodge: Dodged            |    19 |       ||    19

Table legend: (Time is in decaauts)
 A = Elapsed time spent in this place.
 B = Non-inter-level travel time spent in this place.
 C = Inter-level travel time spent in this place.
 D = Time resting spent in this place.
 E = Time spent auto-exploring this place.
 F = Levels seen in this place.
 G = Mean time per level.
                   A        B        C        D        E       F      G
               +--------+--------+--------+--------+--------+-----+--------+
         Total |   1836 |   1776 |     60 |    422 |   1056 |   4 |  459.0 |
       Dungeon |   1836 |   1776 |     60 |    422 |   1056 |   4 |  459.0 |
               +--------+--------+--------+--------+--------+-----+--------+

Top non-repeatable levels by time:
     D:2: 909 daAuts
     D:1: 842 daAuts
     D:4: 56 daAuts
     D:3: 28 daAuts
